[Event "Early Titled Tuesday Blitz | February 8 2022"]
[White "Mohammed, Dilshad"]
[Black "Vusatiuk, Vladimir"]
[WhiteFideId "5050421"]
[BlackFideId "14118610"]
[WhiteElo "2153"]
[BlackElo "2157"]
[Result "1-0"]
[Round "04"]
[TimeControl "180+1"]
[Date "2022.02.08"]
[WhiteClock "0:00:27"]
[BlackClock "0:00:06"]

1. Nf3 d5 2. c4 e6 3. e3 Nf6 4. cxd5 exd5 5. d4 Bf5 6. Qb3 Nbd7 7. Nc3 c6 8. Qxb7 Be7 9. Qa6 O-O 10. Bd3 Nb8 11. Qb7 Bxd3 12. Qxa8 Qc7 13. Ne5 Ba6 14. Bd2 Nfd7 15. Rc1 Nb6 16. Nxd5 Nxd5 17. Nxc6 Nxc6 18. Qxc6 Qxc6 19. Rxc6 Bb7 20. Rc2 Nb4 21. Rc7 Bxg2 22. Rg1 Nd5 23. Rxe7 Nxe7 24. Rxg2 Rb8 25. Bc3 Nd5 26. Kd2 Nxc3 27. Kxc3 Rc8+ 28. Kd3 Rc1 29. f4 f5 30. d5 Rd1+ 31. Rd2 Ra1 32. a3 Kf7 33. Kd4 Ke7 34. Ke5 Re1 35. Rd3 g6 36. d6+ Kd7 37. Rc3 a5 38. Rc7+ Kd8 39. Rc3 Kd7 40. a4 Re2 41. h4 Rxb2 42. Rc7+ Kd8 43. Ke6 Rb4 44. Rxh7 Re4+ 45. Kf6 Rxa4 46. Kxg6 Ra3 47. Kxf5 Rxe3 48. Ra7 Rh3 49. Kg4 Rh1 50. h5 Rg1+ 51. Kf5 Rh1 52. Ke6 Re1+ 53. Kf6 Rh1 54. Rxa5 Kd7 55. Ke5 Re1+ 56. Kf6 Rh1 57. Kg6 Rg1+ 58. Rg5 Rf1 59. f5 Kxd6 60. h6 Ke7 61. Kg7 Ra1 62. f6+ Ke6 63. h7 Ra7+ 64. Kg6 Ra8 65. Rh5 Ra1 66. h8=Q Rg1+ 67. Rg5 Rf1 68. Qe8+ Kd6 69. Qe5+ Kc6 70. Rg2 Rc1 71. Rd2 Kb6 72. Qb8+ Kc5 73. Qc7+ Kb4 74. Qxc1 Ka4 75. Rb2 1-0


[Site "https://www.chess.com"]

[Event "Early Titled Tuesday Blitz | February 8 2022"]
[White "Moiseenko, Alexander"]
[Black "Bodnaruk, Anastasia"]
[WhiteFideId "14102560"]
[BlackFideId "4181751"]
[WhiteElo "2577"]
[BlackElo "2393"]
[Result "0-1"]
[Round "04"]
[TimeControl "180+1"]
[Date "2022.02.08"]
[WhiteClock "0:00:01"]
[BlackClock "0:00:09"]

1. d4 Nf6 2. c4 g6 3. Nc3 Bg7 4. e4 d6 5. f3 O-O 6. Be3 c5 7. Nge2 Nc6 8. Qd2 Qa5 9. Rd1 e5 10. dxc5 dxc5 11. Nd5 Qxd2+ 12. Rxd2 Nxd5 13. cxd5 Nd4 14. Nxd4 exd4 15. Bg5 f5 16. Be7 Re8 17. d6 Bf8 18. Bb5 Bxe7 19. Bxe8 Bxd6 20. Ba4 Be6 21. Bb3 Bxb3 22. axb3 fxe4 23. fxe4 Re8 24. Re2 Bf4 25. Kd1 d3 26. Ree1 b5 27. e5 Re6 28. Rhf1 Bg5 29. h4 Bxh4 30. Re3 c4 31. bxc4 bxc4 32. Re4 Bg5 33. Rg4 Ra6 34. Rxg5 Ra1+ 35. Kd2 Rxf1 36. Rg4 Rf2+ 37. Kd1 Rxb2 38. Rxc4 Rxg2 39. Rc7 Re2 40. Re7 h5 0-1


[Site "https://www.chess.com"]

[Event "Early Titled Tuesday Blitz | February 8 2022"]
[White "Molina, Roberto Junio Brito"]
[Black "Khripachenko, Alexander"]
[WhiteFideId "2109450"]
[BlackFideId "54184975"]
[WhiteElo "2402"]
[BlackElo "2177"]
[Result "1-0"]
[Round "04"]
[TimeControl "180+1"]
[Date "2022.02.08"]
[WhiteClock "0:00:21"]
[BlackClock "0:00:26"]

1. d4 Nf6 2. Nf3 g6 3. e3 Bg7 4. b3 O-O 5. Bb2 d6 6. Be2 Nbd7 7. O-O e5 8. c4 e4 9. Nfd2 Re8 10. Nc3 Nf8 11. Qc2 Bf5 12. Rae1 h5 13. Qb1 N8h7 14. Bd1 h4 15. Bc2 Ng5 16. f3 Qe7 17. f4 Ngh7 18. d5 c6 19. dxc6 bxc6 20. Ne2 c5 21. h3 Rad8 22. Rd1 Qe6 23. Kh2 Qc8 24. Nc3 g5 25. Ne2 g4 26. Rg1 Kh8 27. Kh1 Qe6 28. Nf1 Rg8 29. Nh2 gxh3 30. gxh3 Bxh3 31. f5 Bxf5 32. Nf4 Qd7 33. Rdf1 Ng4 34. Nxg4 Bxg4 35. Qa1 f5 36. Ng6# 1-0


[Site "https://www.chess.com"]

[Event "Early Titled Tuesday Blitz | February 8 2022"]
[White "Moskvin, Anatoly"]
[Black "Coto Mederos, Michel"]
[WhiteFideId "24199990"]
[BlackFideId "3508528"]
[WhiteElo "2079"]
[BlackElo "2427"]
[Result "1/2-1/2"]
[Round "04"]
[TimeControl "180+1"]
[Date "2022.02.08"]
[WhiteClock "0:00:11"]
[BlackClock "0:00:08"]

1. e4 e5 2. Nf3 Nc6 3. Bc4 Bc5 4. c3 Nf6 5. d3 d6 6. a4 a6 7. Bb3 h6 8. Nbd2 Ba7 9. h3 O-O 10. Nf1 d5 11. Qe2 dxe4 12. dxe4 Qe7 13. Ng3 Be6 14. Bc2 Rad8 15. Nh4 Na5 16. Nhf5 Qd7 17. Be3 Bxe3 18. Nxe3 Bb3 19. O-O g6 20. Rfd1 Qe6 21. Bxb3 Nxb3 22. Rxd8 Rxd8 23. Rd1 Rd7 24. Rxd7 Qxd7 25. Qc4 Nd2 26. Qc5 Ndxe4 27. Nxe4 Nxe4 28. Qxe5 Qxa4 29. Nd5 Nd6 30. Nf6+ Kf8 31. Nh7+ Kg8 32. Nf6+ Kf8 33. Nh7+ Kg8 34. Nf6+ 1/2-1/2


[Site "https://www.chess.com"]

[Event "Early Titled Tuesday Blitz | February 8 2022"]
[White "Mosutha, Thuso"]
[Black "Pesotskiy, Mikhail"]
[WhiteFideId "11302550"]
[BlackFideId "34164453"]
[WhiteElo "2028"]
[BlackElo "2010"]
[Result "0-1"]
[Round "04"]
[TimeControl "180+1"]
[Date "2022.02.08"]
[WhiteClock "0:00:01"]
[BlackClock "0:00:35"]

1. d4 Nf6 2. c4 e6 3. Nf3 Bb4+ 4. Bd2 a5 5. a3 Bxd2+ 6. Nbxd2 b6 7. g3 Bb7 8. Bg2 O-O 9. O-O d6 10. Rc1 Nbd7 11. Qc2 Qe7 12. e4 e5 13. d5 a4 14. Ne1 Nc5 15. Nd3 Nxd3 16. Qxd3 Nd7 17. Qe3 Nc5 18. f4 Ba6 19. Kh1 b5 20. fxe5 Qxe5 21. Qc3 Rfe8 22. Rfe1 Rab8 23. cxb5 Rxb5 24. Qxe5 Rxe5 25. Nc4 Re8 26. Bf1 Rbb8 27. e5 Bxc4 28. Bxc4 Kf8 29. exd6 cxd6 30. Rxe8+ Kxe8 31. Rc2 Ke7 32. Kg2 Kf6 33. Kf3 Ke5 34. Ke3 f5 35. Rf2 g5 36. Bd3 Nxd3 37. Kxd3 f4 38. Kc4 Ke4 39. Re2+ Kf3 40. Re7 fxg3 41. hxg3 h5 42. Rg7 g4 43. Rh7 Kxg3 44. Rxh5 Rxb2 45. Rh6 Rb6 46. Kd4 Kf3 47. Rf6+ Kg2 48. Ke4 g3 49. Kf5 Kh2 50. Rh6+ Kg1 51. Rg6 g2 52. Ke4 Rb2 53. Ke3 Rb3+ 54. Ke4 Rxa3 55. Rxd6 Ra2 56. Rg6 Kf1 57. Rf6+ Rf2 0-1


[Site "https://www.chess.com"]

[Event "Early Titled Tuesday Blitz | February 8 2022"]
[White "Murthy, Pappu"]
[Black "Yonal, Timur"]
[WhiteFideId "2013401"]
[BlackFideId "44115725"]
[WhiteElo "1957"]
[BlackElo "1762"]
[Result "1-0"]
[Round "04"]
[TimeControl "180+1"]
[Date "2022.02.08"]
[WhiteClock "0:01:28"]
[BlackClock "0:00:01"]

1. c4 e5 2. Nc3 Nf6 3. g3 d5 4. cxd5 Nxd5 5. Nf3 Nc6 6. Bg2 Nb6 7. O-O Be7 8. d3 O-O 9. Be3 Re8 10. a4 a5 11. Bxb6 cxb6 12. Nd2 Bg4 13. Nd5 Nd4 14. Re1 Rc8 15. Nc4 Bc5 16. b3 h6 17. Rb1 Kh8 18. h3 Bh5 19. g4 Bg6 20. e4 Nc6 21. Qe2 1-0


[Site "https://www.chess.com"]

[Event "Early Titled Tuesday Blitz | February 8 2022"]
[White "Narayanan.S.L"]
[Black "Martinovici, Ilia"]
[WhiteFideId "5058422"]
[BlackFideId "13907034"]
[WhiteElo "2494"]
[BlackElo "2303"]
[Result "1-0"]
[Round "04"]
[TimeControl "180+1"]
[Date "2022.02.08"]
[WhiteClock "0:01:00"]
[BlackClock "0:00:04"]

1. a3 e5 2. b4 d5 3. Bb2 Bd6 4. e3 Nf6 5. c4 c6 6. Nf3 Qe7 7. cxd5 cxd5 8. Nc3 a6 9. d4 exd4 10. Nxd4 O-O 11. Be2 Nc6 12. Nf3 Rd8 13. O-O Bg4 14. h3 Bh5 15. Re1 Rac8 16. Rc1 Bb8 17. b5 axb5 18. Nxb5 Ne4 19. Nfd4 Bxe2 20. Nxe2 Qh4 21. Rf1 Ng5 22. f4 Ne4 23. Qe1 Qe7 24. Ng3 f6 25. Nxe4 Qxe4 26. Qg3 Kh8 27. Qf3 Qxf3 28. Rxf3 Na5 29. Rff1 Nc4 30. Bd4 Re8 31. a4 Rc6 32. Kf2 Rce6 33. Rc3 Ra6 34. Ra1 Kg8 35. g4 g5 36. fxg5 fxg5 37. Ke2 Be5 38. Kd3 Bxd4 39. Kxd4 Nb6 40. Nc7 Re4+ 41. Kd3 Raxa4 42. Rb1 Rab4 43. Rf1 Rbc4 44. Rxc4 Rxc4 45. Nxd5 Kg7 46. Nxb6 1-0


[Site "https://www.chess.com"]

[Event "Early Titled Tuesday Blitz | February 8 2022"]
[White "Navara, David"]
[Black "Srihari L R"]
[WhiteFideId "309095"]
[BlackFideId "46617116"]
[WhiteElo "2686"]
[BlackElo "2121"]
[Result "1-0"]
[Round "04"]
[TimeControl "180+1"]
[Date "2022.02.08"]
[WhiteClock "0:00:33"]
[BlackClock "0:00:17"]

1. d4 d5 2. c4 e6 3. Nc3 Nf6 4. cxd5 Nxd5 5. e3 c5 6. Bd3 Nc6 7. Nf3 Be7 8. O-O O-O 9. a3 h6 10. Qe2 b6 11. Rd1 cxd4 12. exd4 Bb7 13. Bb1 Nxc3 14. bxc3 Na5 15. Ne5 Rc8 16. Rd3 Ba6 17. Bxh6 Bxd3 18. Qxd3 f5 19. Ba2 Qd6 20. Bf4 Rfe8 21. Qxf5 Bf6 22. Qh5 b5 23. Bb1 Bxe5 24. Bxe5 Qe7 25. Qh7+ Kf8 26. Qh8+ Kf7 27. Qxg7# 1-0


[Site "https://www.chess.com"]

[Event "Early Titled Tuesday Blitz | February 8 2022"]
[White "Nazari, Arad"]
[Black "Begunov, Konstantin"]
[WhiteFideId "12577324"]
[BlackFideId "4118510"]
[WhiteElo "2120"]
[BlackElo "2262"]
[Result "1-0"]
[Round "04"]
[TimeControl "180+1"]
[Date "2022.02.08"]
[WhiteClock "0:01:52"]
[BlackClock "0:00:08"]

1. e4 c5 2. Nf3 d6 3. Bb5+ Bd7 4. Bxd7+ Qxd7 5. O-O Nf6 6. Re1 Nc6 7. c3 e6 8. d4 cxd4 9. cxd4 d5 10. e5 Ne4 11. a3 Be7 12. Qd3 Rc8 13. Nbd2 Nxd2 14. Bxd2 O-O 15. Re3 f5 16. exf6 Bxf6 17. Rae1 Rce8 18. b4 a6 19. a4 g6 20. Bc3 Bg7 21. Qe2 Nd8 22. b5 axb5 23. axb5 h6 24. Ba5 Rf6 25. Ne5 Qd6 26. Bxd8 Qxd8 27. g3 Kh7 28. Ng4 Rff8 29. Rxe6 Rxe6 30. Qxe6 Bxd4 31. Rd1 Qb6 32. Qe7+ Bg7 33. Rxd5 h5 34. Rd7 Rg8 35. Nf6+ Kh8 36. Nxg8 1-0


[Site "https://www.chess.com"]

[Event "Early Titled Tuesday Blitz | February 8 2022"]
[White "Necula, Iulian"]
[Black "Dobre, Claudiu-Cristian"]
[WhiteFideId "1232380"]
[BlackFideId "1211854"]
[WhiteElo "1776"]
[BlackElo "2207"]
[Result "0-1"]
[Round "04"]
[TimeControl "180+1"]
[Date "2022.02.08"]
[WhiteClock "0:00:20"]
[BlackClock "0:00:12"]

1. b4 e5 2. Bb2 Bxb4 3. Bxe5 Nf6 4. c3 Nc6 5. Bxf6 Qxf6 6. Nf3 d5 7. a3 Bd6 8. d4 O-O 9. g3 Bf5 10. Bg2 Na5 11. O-O Nc4 12. Qb3 Be4 13. Nbd2 Nxd2 14. Nxd2 Bxg2 15. Kxg2 Qe6 16. e4 dxe4 17. Qxe6 fxe6 18. Nxe4 e5 19. Nxd6 cxd6 20. Rab1 Rf7 21. dxe5 dxe5 22. Rfe1 Rc8 23. Rb3 Rc5 24. Re4 Kf8 25. c4 Rfc7 26. Rb5 b6 27. Rb4 Kf7 28. g4 g5 29. Kf3 Rd7 30. Ke3 Ke6 31. f3 Rc8 32. h4 gxh4 33. f4 Rc5 34. f5+ Kf6 35. Rb2 Kg5 36. Rh2 Rd1 37. Rd2 Re1+ 38. Kd3 Rxe4 39. Kxe4 Rxc4+ 40. Kxe5 Kxg4 41. Rf2 Kg3 42. f6 Kxf2 43. f7 Rc8 44. Ke6 h3 45. Kd7 Ra8 46. Ke7 h2 0-1


[Site "https://www.chess.com"]

[Event "Early Titled Tuesday Blitz | February 8 2022"]
[White "Nguyen, Ngoc Truong Son"]
[Black "Nilsen, Tobias Lang"]
[WhiteFideId "12401110"]
[BlackFideId "1521624"]
[WhiteElo "2596"]
[BlackElo "2013"]
[Result "1-0"]
[Round "04"]
[TimeControl "180+1"]
[Date "2022.02.08"]
[WhiteClock "0:00:03"]
[BlackClock "0:00:27"]

1. d4 f5 2. Nf3 Nf6 3. Nc3 d5 4. Bf4 c6 5. Ne5 e6 6. e3 Bd6 7. g4 fxg4 8. Nxg4 Bxf4 9. exf4 O-O 10. Rg1 Nh5 11. Nh6+ Kh8 12. Qxh5 gxh6 13. Qxh6 Qf6 14. Rg6 Qxg6 15. Qxf8+ Qg8 16. Qxg8+ Kxg8 17. Bd3 Nd7 18. Ne2 Nf6 19. Kd2 Bd7 20. Rg1+ Kh8 21. Rg3 Rg8 22. Rxg8+ Kxg8 23. h3 Nh5 24. Ke3 Kg7 25. Ng3 Nf6 26. f5 h6 27. Kf4 Kf7 28. Ke5 Ke7 29. f4 Bc8 30. fxe6 Bxe6 31. Nf5+ Bxf5 32. Bxf5 b6 33. b4 Ne8 34. b5 cxb5 35. Kxd5 Nd6 36. Bd3 Kd7 37. f5 b4 38. f6 a5 39. h4 a4 40. Be2 a3 41. h5 Kc7 42. Ke6 b5 43. f7 Nxf7 44. Kxf7 Kd6 45. Bxb5 Kd5 46. Kg6 Kxd4 47. Kxh6 b3 48. cxb3 Kc3 49. Bc4 Kb4 50. Kg5 Kc3 51. h6 Kb2 52. b4 Kc3 53. Bb3 Kxb4 54. h7 Kc5 55. h8=Q Kb4 56. Kf4 Kc5 57. Ke5 Kb4 58. Kd4 Kb5 59. Qc8 Kb6 60. Bd5 Ka5 61. Kc5 Ka4 62. Qa6# 1-0


[Site "https://www.chess.com"]

[Event "Early Titled Tuesday Blitz | February 8 2022"]
[White "Niyazgulova, Marina"]
[Black "Shuvalov, Evgenij"]
[WhiteFideId "24142573"]
[BlackFideId "4187237"]
[WhiteElo "2075"]
[BlackElo "2119"]
[Result "1/2-1/2"]
[Round "04"]
[TimeControl "180+1"]
[Date "2022.02.08"]
[WhiteClock "0:00:01"]
[BlackClock "0:00:07"]

1. d4 Nf6 2. c4 c5 3. Nf3 d5 4. cxd5 cxd4 5. Nxd4 Qxd5 6. Nc3 Qa5 7. Nb3 Qb6 8. Be3 Qa6 9. Bf4 Be6 10. e4 Bc4 11. Nc5 Bxf1 12. Nxa6 Bxa6 13. e5 Nfd7 14. Ne2 e6 15. O-O Be7 16. a3 O-O 17. Re1 Nc5 18. Nc1 Rd8 19. Qg4 Nc6 20. b4 Nd3 21. Nxd3 Bxd3 22. h4 Bf5 23. Qg3 Nd4 24. Rac1 Rac8 25. Rxc8 Rxc8 26. Bg5 Bf8 27. Qf4 Rc4 28. Qd2 b5 29. Be3 Nc2 30. Rc1 a6 31. Bc5 Bxc5 32. bxc5 h6 33. f3 Rxc5 34. Qd8+ Kh7 35. Qe7 Rc4 36. Qxf7 Rxh4 37. g4 Bd3 38. Qxe6 Rh3 39. Kg2 Rxf3 40. Kxf3 Nd4+ 41. Ke3 Nxe6 42. Kxd3 Kg6 43. Rc6 Kf7 44. Ke3 g6 45. Rxa6 h5 46. gxh5 gxh5 47. Rb6 h4 48. Rxb5 Kg6 49. Rb6 Kf5 50. Rb5 h3 51. Kf2 Kf4 52. a4 Nd4 53. Rb4 Kxe5 54. a5 Nc6 55. Rb5+ Kd6 56. Rh5 Kc7 57. Kg3 Kb7 58. Kxh3 Nd4 59. Kg3 Ka6 60. Kf4 Nb3 61. Ke4 Nxa5 62. Kd5 Kb5 63. Kd4+ Kb4 64. Rh8 Nc6+ 65. Kd5 Na5 66. Rb8+ Kc3 67. Rb5 Nb3 68. Ke4 Nd2+ 69. Ke3 Nc4+ 70. Ke4 Nd2+ 71. Kd5 Kd3 72. Ra5 Kc3 73. Ra3+ Nb3 74. Ke4 Kc4 75. Ke3 Kc3 76. Ke2 Kc2 77. Ra8 Kc3 78. Rc8+ Kd4 1/2-1/2


[Site "https://www.chess.com"]

[Event "Early Titled Tuesday Blitz | February 8 2022"]
[White "Obolenskikh, Dmitry"]
[Black "Hamley, Ryan"]
[WhiteFideId "4156013"]
[BlackFideId "30959497"]
[WhiteElo "2512"]
[BlackElo "2487"]
[Result "1-0"]
[Round "04"]
[TimeControl "180+1"]
[Date "2022.02.08"]
[WhiteClock "0:00:20"]
[BlackClock "0:00:04"]

1. Nf3 g6 2. e4 Bg7 3. d4 c6 4. Nc3 d5 5. h3 dxe4 6. Nxe4 Nf6 7. Nxf6+ exf6 8. Bc4 Na6 9. Qe2+ Qe7 10. Qxe7+ Kxe7 11. Bf4 Re8 12. O-O-O Kf8 13. Rhe1 Bd7 14. Bd6+ Kg8 15. Rxe8+ Rxe8 16. Re1 Rd8 17. Re7 Be6 18. Bxe6 fxe6 19. Rxe6 Rd7 20. Bf4 Kf7 21. Re2 Nb4 22. Bd2 Nd5 23. c4 Nc7 24. Kc2 Ne6 25. Be3 f5 26. Ne5+ Bxe5 27. dxe5 f4 28. Bxa7 b6 29. Bxb6 Rb7 30. c5 Nd4+ 31. Kd3 Nxe2 32. Kxe2 Ke6 33. a4 Kxe5 34. a5 Ke4 35. a6 Rb8 36. a7 Ra8 37. b3 g5 38. f3+ Kd4 39. Kd2 h5 40. b4 Kc4 41. Kc2 Kd4 42. Kb3 Kd3 43. b5 cxb5 44. Kb4 Kd4 45. Kxb5 Kd5 46. c6 Kd6 47. Bc5+ Kc7 48. Bf2 Re8 49. Bd4 Kd6 50. Kb6 Rc8 51. Bc5+ Kd5 52. c7 g4 53. fxg4 hxg4 54. hxg4 Rg8 55. Be7 Ke6 56. Bd8 Rxg4 57. c8=Q+ 1-0


[Site "https://www.chess.com"]

[Event "Early Titled Tuesday Blitz | February 8 2022"]
[White "Odegov, Artem"]
[Black "Toncheva, Nadya"]
[WhiteFideId "34183644"]
[BlackFideId "2924056"]
[WhiteElo "2277"]
[BlackElo "1920"]
[Result "1-0"]
[Round "04"]
[TimeControl "180+1"]
[Date "2022.02.08"]
[WhiteClock "0:01:10"]
[BlackClock "0:00:09"]

1. d4 d5 2. c4 c6 3. Nf3 Nf6 4. Nc3 dxc4 5. a4 Be6 6. e4 Na6 7. Ng5 Bg4 8. f3 Bh5 9. Bxc4 Nc7 10. h4 h6 11. Nh3 e6 12. Nf4 Be7 13. e5 Nfd5 14. Nxh5 g6 15. Bxd5 Nxd5 16. Nf4 Bxh4+ 17. Kf1 Nxc3 18. bxc3 h5 19. Qb3 Rb8 20. Nxe6 fxe6 21. Qxe6+ Qe7 22. Qxg6+ Kd7 23. e6+ Kc8 24. Ba3 Qf6 25. Qxf6 Bxf6 26. Bd6 Ra8 27. g4 h4 28. f4 Rd8 29. Ba3 Kc7 30. g5 Bg7 31. Rxh4 Rd5 32. Rh7 Rg8 33. Kg2 Kd8 34. Rah1 Rf5 35. Kg3 Bf8 36. Rd7+ Ke8 37. Bxf8 Rgxf8 38. Rh4 Ra5 39. Rxb7 Rxa4 40. Rb8+ Ke7 41. Rh7+ 1-0


[Site "https://www.chess.com"]

[Event "Early Titled Tuesday Blitz | February 8 2022"]
[White "Omariev, Maksim"]
[Black "Papasimakopoulos, Alexandros"]
[WhiteFideId "4193423"]
[BlackFideId "4244125"]
[WhiteElo "2526"]
[BlackElo "2340"]
[Result "0-1"]
[Round "04"]
[TimeControl "180+1"]
[Date "2022.02.08"]
[WhiteClock "0:00:02"]
[BlackClock "0:00:37"]

1. e4 e6 2. d4 d5 3. Nc3 Bb4 4. exd5 exd5 5. Bd3 Nc6 6. a3 Bxc3+ 7. bxc3 Nf6 8. h3 O-O 9. Qf3 Re8+ 10. Ne2 Ne4 11. O-O Be6 12. c4 h6 13. cxd5 Bxd5 14. Qf4 Na5 15. Re1 Nc4 16. Kf1 Qd7 17. Rb1 g5 18. Qh2 Ned2+ 19. Bxd2 Nxd2+ 20. Kg1 Nxb1 21. Rxb1 c6 22. Qg3 Be4 23. Nc3 Bxd3 24. Qxd3 Rad8 25. Rd1 Qe7 26. g4 Qxa3 27. Qc4 Qd6 28. Kg2 a5 29. f3 b5 30. Qd3 a4 31. Ne4 Qe6 32. Ng3 Rd7 33. Rd2 Ra8 34. Re2 Qf6 35. Nh5 Qxd4 36. Qf5 Rd6 37. Re7 Rf8 38. Ng3 Qd5 39. Qxd5 cxd5 40. Nf5 Ra6 41. h4 a3 42. hxg5 hxg5 43. f4 a2 44. fxg5 a1=Q 45. Nh6+ Rxh6 46. gxh6 Qf6 47. Re2 Qxh6 0-1


[Site "https://www.chess.com"]

[Event "Early Titled Tuesday Blitz | February 8 2022"]
[White "Onyshchuk, Volodymyr"]
[Black "Orozbaev, Eldiar"]
[WhiteFideId "14114038"]
[BlackFideId "13802240"]
[WhiteElo "2642"]
[BlackElo "2050"]
[Result "1-0"]
[Round "04"]
[TimeControl "180+1"]
[Date "2022.02.08"]
[WhiteClock "0:00:05"]
[BlackClock "0:00:07"]

1. e4 e6 2. d4 d5 3. Bd3 c5 4. exd5 exd5 5. Nf3 Nc6 6. O-O c4 7. Re1+ Be7 8. Bf1 Rb8 9. Bf4 Ra8 10. b3 cxb3 11. axb3 Nf6 12. c4 O-O 13. Nc3 Bb4 14. Rc1 Ba3 15. Rc2 Bf5 16. Rd2 Bb4 17. Qc1 Bxc3 18. Qxc3 Ne4 19. Rxe4 Bxe4 20. Ng5 Bg6 21. c5 Re8 22. Rd1 Qa5 23. Qb2 Qb4 24. Nf3 Na5 25. Ne5 Qxb3 26. Qa1 Nc6 27. Nxg6 hxg6 28. Rb1 Qc2 29. Rxb7 Re4 30. Be3 Rae8 31. Bb5 R8e6 32. Bxc6 Rxc6 33. h3 Rf6 34. Rb2 Qc4 35. Qxa7 Kh7 36. Qb8 g5 37. Kh2 g4 38. h4 Qf1 39. Qg3 Rg6 40. Rb6 f5 41. Rxg6 Kxg6 42. Qd6+ Kh7 43. Qxd5 Qd3 44. Qxf5+ Kg8 45. Qd5+ Kh7 46. c6 Qc2 47. c7 Qxc7+ 48. g3 Qe7 49. Qf5+ g6 50. Qd5 Qe6 51. Qb7+ Qe7 52. Qb3 Qe6 53. d5 Qd7 54. Qd3 Re8 55. d6 Rd8 56. Bf4 Ra8 57. h5 Qf5 58. Qxf5 gxf5 59. Kg2 Rd8 60. Kf1 Kg7 61. h6+ Kg6 62. Ke2 Kf6 63. Kd3 Ke6 64. Kc4 Rc8+ 65. Kb5 Rc2 66. Kb6 Kd7 67. h7 Rc8 68. Be5 Rb8+ 69. Kc5 Rc8+ 70. Kd4 Ra8 71. h8=Q Ra4+ 72. Kd3 Ra3+ 73. Kc2 Ra2+ 74. Kb3 Rxf2 75. Qg7+ Kc6 76. Qc7+ Kd5 77. d7 Rf3+ 78. Bc3 Ke4 79. d8=Q Re3 80. Qc6# 1-0


[Site "https://www.chess.com"]

[Event "Early Titled Tuesday Blitz | February 8 2022"]
[White "Oro, Luis"]
[Black "Pires, Marcos Vinicius Torsani"]
[WhiteFideId "104094"]
[BlackFideId "2118939"]
[WhiteElo "2261"]
[BlackElo "2273"]
[Result "0-1"]
[Round "04"]
[TimeControl "180+1"]
[Date "2022.02.08"]
[WhiteClock "0:00:04"]
[BlackClock "0:00:13"]

1. e4 c6 2. d4 d5 3. Nd2 dxe4 4. Nxe4 Bf5 5. Ng3 Bg6 6. h4 h6 7. h5 Bh7 8. Nf3 Nd7 9. Bd3 Bxd3 10. Qxd3 e6 11. Bd2 Ngf6 12. O-O-O Be7 13. Kb1 Qb6 14. Ne4 Nxe4 15. Qxe4 Nf6 16. Qd3 Qb5 17. Qxb5 cxb5 18. Ne5 O-O-O 19. c3 Rhf8 20. f3 Nd7 21. Nd3 Bd6 22. g4 Nb6 23. b3 Kb8 24. g5 hxg5 25. Bxg5 Rc8 26. Kb2 Nd5 27. Bd2 Rh8 28. Rdg1 Rcg8 29. c4 bxc4 30. bxc4 Ne7 31. Bc3 Nf5 32. Rh3 Rh7 33. Kb3 Rgh8 34. d5 exd5 35. cxd5 Rxh5 36. Rxh5 Rxh5 37. Bxg7 Nxg7 38. Rxg7 Rxd5 39. Ne1 Rf5 40. Kc4 a6 41. Kd3 f6 42. Rf7 Be5 43. Ke4 Rf4+ 44. Ke3 Ra4 45. Nd3 Bd4+ 46. Ke4 Bc3+ 47. Kf5 Rxa2 48. Kg6 a5 49. Nc5 Rb2 50. Nd7+ Ka7 51. Nxf6 a4 52. Ne4 Be5 53. Rf5 Bd4 54. Ra5+ Kb6 55. Rxa4 Rg2+ 56. Kf5 Be3 57. Nd6 Kc6 58. Ne4 b5 59. Ra6+ Kd5 60. Nc3+ Kc4 61. Rc6+ Kd3 62. Nxb5 Rg5+ 63. Ke6 Rxb5 64. Rd6+ Ke2 65. Rd5 Rb4 66. Rf5 Bf4 67. Kf6 Kxf3 68. Kg6 Rb6+ 69. Kg7 Kg4 70. Rf7 Bg5 71. Kg8 Rb8+ 72. Kg7 Kh5 73. Rf8 Bh6+ 74. Kf7 Rxf8+ 75. Ke7 Rf5 76. Kd7 Kg5 77. Kc7 Kf6 78. Kb7 Rc5 79. Kb6 0-1


[Site "https://www.chess.com"]

[Event "Early Titled Tuesday Blitz | February 8 2022"]
[White "Osmonbekov, Talaibek"]
[Black "Tuleyeva-Aketayeva, Dana"]
[WhiteFideId "2017253"]
[BlackFideId "13701932"]
[WhiteElo "2135"]
[BlackElo "1944"]
[Result "1-0"]
[Round "04"]
[TimeControl "180+1"]
[Date "2022.02.08"]
[WhiteClock "0:01:02"]
[BlackClock "0:00:39"]

1. d4 Nf6 2. Nc3 e6 3. e4 c5 4. d5 exd5 5. exd5 d6 6. Be2 g6 7. Nf3 Bg7 8. Nd2 O-O 9. Nc4 a6 10. a4 Ne8 11. O-O Nd7 12. f4 Nb6 13. a5 Bd4+ 14. Kh1 Nxc4 15. Bxc4 b5 16. axb6 Qxb6 17. Ne2 Bg7 18. c3 Nc7 19. f5 Bxf5 20. Rxf5 gxf5 21. Nf4 Rfe8 22. Nh5 Re4 23. Nxg7 Kxg7 24. Bd3 Rae8 25. Bxe4 Rxe4 26. b3 Qxb3 27. Bh6+ Kxh6 28. Qxb3 Nb5 29. h3 Re3 30. Rxa6 Nxc3 31. Rxd6+ Kg7 32. Qc4 Re1+ 33. Kh2 Ne4 34. Rd8 h5 35. d6 h4 36. d7 Nf2 37. Qc3+ f6 38. Qxe1 1-0


[Site "https://www.chess.com"]

[Event "Early Titled Tuesday Blitz | February 8 2022"]
[White "Ovetchkin, Roman"]
[Black "Sahil, Tickoo"]
[WhiteFideId "4119991"]
[BlackFideId "5019710"]
[WhiteElo "2409"]
[BlackElo "2099"]
[Result "1-0"]
[Round "04"]
[TimeControl "180+1"]
[Date "2022.02.08"]
[WhiteClock "0:00:16"]
[BlackClock "0:00:07"]

1. d4 d5 2. c4 e6 3. Nf3 Nf6 4. g3 Bb4+ 5. Bd2 Bd6 6. Bg2 O-O 7. O-O c6 8. Qc2 Ne4 9. Nc3 Nxd2 10. Nxd2 f5 11. e3 Nd7 12. Rab1 a5 13. a3 Nf6 14. b4 axb4 15. axb4 Bd7 16. b5 Ne4 17. f4 Ra3 18. Ndxe4 fxe4 19. c5 Be7 20. b6 g5 21. Qb2 Ra6 22. Ra1 Rxa1 23. Rxa1 gxf4 24. gxf4 Bf6 25. Ra7 Bc8 26. Qe2 Rf7 27. Ra8 Rf8 28. Qh5 Qe7 29. Bh3 Kh8 30. Nd1 Rg8+ 31. Kf1 Qg7 32. Nf2 Qg1+ 33. Ke2 Qc1 34. Bg4 Qc2+ 35. Kf1 Qc1+ 36. Nd1 Qd2 37. h3 Qh2 38. Nf2 Qg3 39. Ke2 Qg1 40. Qf7 Bg7 41. Bxe6 1-0


[Site "https://www.chess.com"]

[Event "Early Titled Tuesday Blitz | February 8 2022"]
[White "Ozen, Deniz"]
[Black "Kouskoutis, Georgios-Alexandros"]
[WhiteFideId "6349196"]
[BlackFideId "4234049"]
[WhiteElo "2326"]
[BlackElo "2130"]
[Result "1-0"]
[Round "04"]
[TimeControl "180+1"]
[Date "2022.02.08"]
[WhiteClock "0:00:46"]
[BlackClock "0:00:03"]

1. d4 Nf6 2. Bf4 d5 3. Nf3 c5 4. e3 Nc6 5. Nbd2 Bg4 6. c3 e6 7. Qa4 Nd7 8. h3 Bxf3 9. Nxf3 Be7 10. Bd3 O-O 11. O-O c4 12. Be2 a6 13. Qc2 f5 14. b3 b5 15. a4 Na5 16. Nd2 Nb6 17. b4 Nc6 18. a5 Nc8 19. Bh2 Bd6 20. f4 Kh8 21. Nf3 Ra7 22. Kh1 h6 23. Rg1 g5 24. Ne5 Bxe5 25. fxe5 Rg7 26. Raf1 N8e7 27. Rf2 Qe8 28. Rgf1 Rfg8 29. g4 Qg6 30. Qd1 h5 31. gxf5 Nxf5 32. Bxh5 Nxe3 33. Bxg6 Nxd1 34. Rxd1 Rxg6 35. Rdf1 Ne7 36. Rf7 Nf5 37. Rf6 g4 38. hxg4 Rxg4 39. Rxe6 Nh4 40. Rf7 Ng6 41. Ref6 Rh4 42. e6 Rh7 43. Rf2 Rxf7 44. exf7 Rf8 45. Bd6 Kg7 46. Bxf8+ Kxf8 47. Rf6 Nh4 48. Rxa6 Nf5 49. Rb6 Ng3+ 50. Kh2 Ne2 51. a6 Nxc3 52. a7 1-0


[Site "https://www.chess.com"]

[Event "Early Titled Tuesday Blitz | February 8 2022"]
[White "Pantzar, Milton"]
[Black "Al Mukhaini, Shima"]
[WhiteFideId "1721003"]
[BlackFideId "22005854"]
[WhiteElo "2340"]
[BlackElo "2389"]
[Result "1-0"]
[Round "04"]
[TimeControl "180+1"]
[Date "2022.02.08"]
[WhiteClock "0:00:10"]
[BlackClock "0:00:06"]

1. Nf3 Nf6 2. e3 b6 3. b3 g6 4. Bb2 Bg7 5. Be2 Bb7 6. O-O O-O 7. c4 c5 8. Nc3 Nc6 9. d4 cxd4 10. Nxd4 Nxd4 11. Qxd4 Ne4 12. Qd3 Nxc3 13. Bxc3 Bxc3 14. Qxc3 Rc8 15. Qd4 Qc7 16. Rad1 d6 17. h4 Qc5 18. Qf4 Kg7 19. h5 g5 20. Qg3 h6 21. Bf3 Bxf3 22. Qxf3 Rc7 23. Rd5 Qa3 24. Qe2 Qa6 25. f4 f6 26. fxg5 hxg5 27. Rxg5+ fxg5 28. h6+ Kxh6 29. Rxf8 Qa5 30. g4 Qe5 31. Qf3 Qa1+ 32. Kg2 Qb2+ 33. Kh3 Qe5 34. Rf5 Qe6 35. Kg3 Rc8 36. e4 Rg8 37. e5 dxe5 38. Qh1+ Kg7 39. Rxg5+ Kf8 40. Qa8+ Kf7 41. Qxg8+ Kf6 42. Qg7# 1-0


[Site "https://www.chess.com"]